 Dungeon Crawl Stone Soup version 0.19.4-8-ga85b6b9 (webtiles) character file.

1032 Peloso the Slasher (level 8, -1/68 HPs)
             Began as a Minotaur Fighter on Feb 11, 2017.
             Slain by Blork the orc
             ... wielding a +5 flail of protection
              (8 damage)
             ... on level 5 of the Dungeon.
             The game lasted 00:13:02 (4312 turns).

Peloso the Slasher (Minotaur Fighter)               Turns: 4312, Time: 00:13:04

Health: -1/68      AC: 10    Str: 21    XL:     8   Next: 3%
Magic:  7/7        EV:  7    Int:  5    God:
Gold:   35         SH: 10    Dex: 12    Spells: 0 memorised, 7 levels left

rFire  . . .     SeeInvis .     a - +0 long sword
rCold  + . .     Gourm    .     q - +0 chain mail
rNeg   . . .     Faith    .     c - +0 shield
rPois  .         Spirit   .     (helmet restricted)
rElec  .         Reflect  .     (no cloak)
rCorr  +         Harm     .     (no gloves)
MR     .....                    (no boots)
Stlth  ..........               (no amulet)
                                t - ring of resist corrosion
                                i - ring of protection from cold

@: no status effects
A: retaliatory headbutt, horns 2
a: no special abilities


You were on level 5 of the Dungeon.
You were hungry.

You visited 2 branches of the dungeon, and saw 6 of its levels.

You collected 222 gold pieces.
You spent 187 gold pieces at shops.

Inventory:

Hand Weapons
 a - a +0 long sword (weapon)
 b - a cursed -3 mace
 z - a +4 whip
 E - a cursed -3 whip
Armour
 c - a +0 shield (worn)
 q - a +0 chain mail (worn)
Jewellery
 i - a ring of protection from cold (left hand)
 n - an uncursed ring of wizardry
 o - an uncursed ring of magical power
 t - a ring of resist corrosion (right hand)
 w - an uncursed ring of protection from cold
Wands
 s - a wand of flame (1/48)
 y - a wand of polymorph (11/24)
 A - a wand of flame (22/48)
 C - a wand of slowing (24/48)
Scrolls
 e - 2 scrolls of amnesia {unknown}
 g - 5 scrolls of identify
 j - a scroll of fog {unknown}
 k - 2 scrolls of enchant weapon {unknown}
 r - a scroll of noise {unknown}
 u - 2 scrolls of enchant armour {unknown}
 F - a scroll of remove curse
 G - a scroll of teleportation
Potions
 d - 2 potions of might
 l - 2 potions of berserk rage
 p - a potion of invisibility
 D - 2 potions of curing
Comestibles
 f - 6 bread rations
 h - 2 beef jerkies
 m - a royal jelly
 v - 2 meat rations


   Skills:
 + Level 5.3 Fighting
 + Level 7.0 Long Blades
 + Level 6.4 Armour
 + Level 2.1 Dodging
 + Level 1.0 Stealth
 + Level 6.2 Shields


You had 7 spell levels left.
You didn't know any spells.

Dungeon Overview and Level Annotations

Branches:
Dungeon (5/15)             Temple (1/1) D:4

Altars:
Ashenzari
Cheibriados
Elyvilon
Fedhas
Gozag
Hepliaklqana
Makhleb
Nemelex Xobeh
Ru
Trog
Vehumet
Xom
Yredelemnul
Zin
Lugonu

Shops:
D:4 ?   D:5 !

Annotations:
D:5 Blork the orc


Innate Abilities, Weirdness & Mutations

You reflexively headbutt those who attack you in melee.
You have a pair of horns on your head.


Message History

You hit Blork the orc but do no damage.
Blork the orc is almost dead.
Blork the orc gestures wildly while chanting.
Blork the orc seems to speed up.
You hit Blork the orc but do no damage.
Blork the orc is almost dead.
Blork the orc gestures at you while chanting.
The puff of flame hits you!
* * * LOW HITPOINT WARNING * * *
Blork the orc casts a spell.
Blork the orc flickers and vanishes!
Deactivating autopickup; reactivate with Ctrl-A.
Your transformation has ended.
Your +0 long sword unmelds from your body.
Your +0 shield unmelds from your body.
Your +0 chain mail unmelds from your body.
Your ring of protection from cold unmelds from your body.
Your ring of resist corrosion unmelds from your body.
Something hits you!
You die...

#.# #.#
#.# #.#
#.#
#.########
#...>....#
########{#
#@# #.#
#.# #.#
#.# #.#
#.# #รท#
#.#


There were no monsters in sight!

Vanquished Creatures
  The ghost of vuolankoinen the Scratcher, an amateur FeWn of Dithmenos (D:4)
  A centaur (D:5)
  A bullfrog (D:3)
  2 crimson imps
  A bullfrog skeleton (D:4)
  A centaur skeleton (D:4)
  4 orc priests
  2 jellies
  An iguana (D:4)
  4 worker ants (D:4)
  Natasha (thrice) (D:3)
  An orc wizard (D:3)
  A howler monkey zombie (D:3)
  4 gnolls (D:4)
  4 adders
  An adder skeleton (D:4)
  2 worms
  3 dart slugs (D:1)
  2 leopard geckos
  30 orcs
  8 bats
  5 giant cockroaches
  9 goblins
  8 hobgoblins
  4 jackals (D:1)
  A quokka (D:5)
  3 frilled lizards
  6 kobolds
  7 rats
  A bush (D:1)
121 creatures vanquished.

Notes
Turn   | Place    | Note
-------+----------+-------------------------------------------
     0 | D:1      | Peloso the Minotaur Fighter began the quest for the Orb.
     0 | D:1      | Reached XP level 1. HP: 19/19 MP: 0/0
   130 | D:1      | Reached XP level 2. HP: 24/27 MP: 1/1
   507 | D:1      | Reached XP level 3. HP: 19/33 MP: 2/2
  1364 | D:2      | Reached skill level 3 in Long Blades
  1745 | D:2      | Reached XP level 4. HP: 40/40 MP: 3/3
  1963 | D:3      | Noticed a bullfrog
  1969 | D:3      | Killed a bullfrog
  1969 | D:3      | Reached skill level 4 in Long Blades
  1969 | D:3      | Reached XP level 5. HP: 46/46 MP: 4/4
  2283 | D:3      | Noticed Natasha
  2290 | D:3      | Killed Natasha
  2290 | D:3      | Reached skill level 5 in Armour
  2301 | D:3      | Noticed Natasha
  2308 | D:3      | HP: 1/46 [white imp/puff of frost[Natasha] (2)]
  2312 | D:3      | Killed Natasha
  2312 | D:3      | Reached skill level 1 in Stealth
  2573 | D:3      | Found a radiant altar of Vehumet.
  2574 | D:3      | Noticed Natasha
  2579 | D:3      | Reached skill level 1 in Dodging
  2579 | D:3      | Reached XP level 6. HP: 52/53 MP: 5/5
  2580 | D:3      | Found a burning altar of Makhleb.
  2586 | D:3      | Killed Natasha
  2705 | D:3      | Found a snail-covered altar of Cheibriados.
  2922 | D:4      | Found a bloodstained altar of Trog.
  2963 | D:4      | Reached skill level 5 in Long Blades
  2965 | D:4      | Reached skill level 5 in Shields
  2971 | D:4      | Found a staircase to the Ecumenical Temple.
  2991 | Temple   | Entered the Ecumenical Temple
  3266 | D:4      | Reached XP level 7. HP: 34/60 MP: 6/6
  3475 | D:4      | Noticed vuolankoinen's ghost (amateur FeWn)
  3486 | D:4      | Killed vuolankoinen's ghost
  3486 | D:4      | Reached skill level 6 in Long Blades
  3551 | D:4      | Found Xisot's Magic Scroll Emporium.
  3560 | D:4      | Reached skill level 5 in Fighting
  3737 | D:4      | Bought a scroll of identify for 22 gold pieces
  3737 | D:4      | Bought a scroll of remove curse for 33 gold pieces
  3737 | D:4      | Bought a scroll of teleportation for 33 gold pieces
  3943 | D:5      | Entered Level 5 of the Dungeon
  3954 | D:5      | Found a sacrificial altar of Ru.
  4010 | D:5      | Found Jiluq's Distillery.
  4018 | D:5      | Bought a potion of heal wounds for 55 gold pieces
  4018 | D:5      | Bought a potion of might for 44 gold pieces
  4222 | D:5      | Found a hazy altar of Hepliaklqana.
  4236 | D:5      | Noticed Blork the orc
  4239 | D:5      | Reached XP level 8. HP: 62/68 MP: 7/7
  4242 | D:5      | Reached skill level 7 in Long Blades
  4312 | D:5      | Slain by Blork the orc

Skill      XL: |  1  2  3  4  5  6  7  8 |
---------------+-------------------------+-----
Armour         | 4 5 6 |  6.4
Fighting       | 4 5 |  5.3
Long Blades    | 3 4 5 6 7 |  7.0
Shields        | 4 5 6 |  6.2
Stealth        | 1 |  1.0
Dodging        | 1 2 |  2.1

Action                   |  1- 3 |  4- 6 |  7- 9 || total
-------------------------+-------+-------+-------++-------
Melee: Long sword        |   139 |   177 |    85 ||   401
       Headbutt          |    28 |    40 |    15 ||    83
       Unarmed           |       |       |    18 ||    18
  Use: Potion            |       |     4 |     1 ||     5
       Scroll            |       |       |     3 ||     3
  Eat: Chunk             |     3 |     5 |     3 ||    11
Armor: Scale mail        |    51 |    22 |       ||    73
       Chain mail        |       |    71 |    33 ||   104
Dodge: Dodged            |    40 |    50 |    31 ||   121
Block: Shield            |    59 |   119 |    39 ||   217
       Rpst.: Long sword |    14 |    15 |     5 ||    34
